 Dungeon Crawl Stone Soup version 0.21-a0-55-gb612c23 (webtiles) character file.

336 xgamer67 the Skirmisher (level 6, -1/57 HPs)
             Began as a Hill Orc Wanderer on June 14, 2017.
             Killed by nerve-wracking pain
             ... invoked by a shadow imp
             ... summoned by Eustachio
              (9 damage)
             ... on level 4 of the Dungeon.
             The game lasted 00:07:45 (4269 turns).

xgamer67 the Skirmisher (Hill Orc Wanderer)         Turns: 4269, Time: 00:07:45

Health: -1/57      AC:  3    Str: 16      XL:     6   Next: 54%
Magic:  7/7        EV: 11    Int: 15      God:
Gold:   20         SH:  0    Dex: 10 (12) Spells: 7/7 levels left

rFire    . . .     SeeInvis .   a - +0 war axe
rCold    . . .     Gourm    .   (no shield)
rNeg     . . .     Faith    .   d - +1 robe
rPois    .         Spirit   .   (no helmet)
rElec    .         Reflect  .   (no cloak)
rCorr    .         Harm     .   (no gloves)
MR       .....                  (no boots)
Stlth    +.........             w - amulet of regeneration
HPRegen  0.59/turn              A - +4 ring of intelligence
MPRegen  0.10/turn              (no ring)

@: no status effects
A: no striking features
a: no special abilities


You were on level 4 of the Dungeon.
You were hungry.

You visited 1 branch of the dungeon, and saw 4 of its levels.

You collected 147 gold pieces.
You spent 127 gold pieces at shops.

Inventory:

Hand Weapons
 a - a +0 war axe (weapon)
 b - a +2 spear
 i - a +0 hand axe
 u - a +0 blowgun
Missiles
 r - 173 stones (quivered)
Armour
 d - a +1 robe (worn)
Jewellery
 w - an amulet of regeneration (around neck)
 A - a +4 ring of intelligence (left hand)
Scrolls
 c - a scroll of blinking
 e - a scroll of teleportation
 g - a scroll of immolation
 s - 2 scrolls of recharging
 x - 5 scrolls of identify
 y - a scroll of fog
 z - a scroll of amnesia
Potions
 h - a potion of agility
 j - a potion of mutation {unknown}
 k - a potion of might
 l - 2 potions of brilliance
 m - 2 potions of heal wounds
 o - a potion of haste {unknown}
 p - a potion of degeneration
 v - a potion of flight {unknown}
Comestibles
 f - 3 bread rations
 n - 3 meat rations
 q - 9 fruits
 t - a royal jelly


   Skills:
 - Level 6.2 Fighting
 + Level 5.3(5.4) Axes
 - Level 1.1(3.0) Polearms
   Level 1.1 Shields
 - Level 1.0 Spellcasting
   Level 3.0 Summonings
   Level 1.0 Necromancy
   Level 1.0 Evocations


You had 7 spell levels left.
You didn't know any spells.

Dungeon Overview and Level Annotations

Branches:
Dungeon (4/15)
 Temple: D:4-7

Altars:

Shops:
D:4 (**

Annotations:
D:4 Eustachio


Message History

You kill the bat!
The bat's corpse disappears in a puff of smoke!
The bat barely misses you. The quasit closely misses you.
The quasit claws you but does no damage.
The quasit misses you.
You hit the bat.
You kill the bat!
The bat's corpse disappears in a puff of smoke!
You hit the quasit but do no damage. The quasit bites you.
* * * LOW HITPOINT WARNING * * *
You feel clumsy. The quasit claws you.
* * * LOW HITPOINT WARNING * * *
The quasit claws you but does no damage.
The quasit closely misses you.
The quasit claws you but does no damage.
The quasit closely misses you. The shadow imp gestures at you.
Pain shoots through your body!
You die...

#.........##....
#@...#..#######
##........# ###
#....†....####..
#..>....$......#
#......<..######
##r........#
###5.5.......#
#.@5#........#
#....>############
######


You could see 2 quasits, a shadow imp and a rat.

Vanquished Creatures
  A hound (D:4)
  4 orc wizards
  Natasha (twice) (D:4)
  5 adders
  An ooze (D:2)
  3 worms
  A dart slug (D:1)
  4 leopard geckos
  7 orcs
  6 bats
  A giant cockroach (D:3)
  9 goblins
  8 hobgoblins
  5 jackals
  7 kobolds
  A quokka (D:3)
  3 ball pythons
  6 frilled lizards
  4 rats
78 creatures vanquished.

Notes
Turn   | Place    | Note
-------+----------+-------------------------------------------
     0 | D:1      | xgamer67 the Hill Orc Wanderer began the quest for the Orb.
     0 | D:1      | xgamer67 set off with: a +2 spear, a potion of lignification, a potion of curing, a +0 robe, a bread ration
     0 | D:1      | Reached XP level 1. HP: 18/18 MP: 2/2
    79 | D:1      | Reached skill level 3 in Fighting
   119 | D:1      | Reached XP level 2. HP: 19/26 MP: 3/3
  1032 | D:2      | Reached skill level 4 in Fighting
  1071 | D:2      | Reached XP level 3. HP: 14/33 MP: 4/4
  1517 | D:2      | Reached skill level 5 in Fighting
  1526 | D:2      | Reached XP level 4. HP: 25/42 MP: 5/5
  2852 | D:3      | Reached skill level 6 in Fighting
  2852 | D:3      | Reached XP level 5. HP: 12/50 MP: 6/6
  3471 | D:4      | Reached skill level 1 in Axes
  3682 | D:4      | Found Orchurph's General Store.
  3694 | D:4      | Bought a scroll of identify for 22 gold pieces
  3694 | D:4      | Bought a scroll of identify for 22 gold pieces
  3694 | D:4      | Bought a potion of heal wounds for 55 gold pieces
  3704 | D:4      | Found Kaesosch's Antique Weapon Boutique.
  3738 | D:4      | Found Vaha's General Store.
  3741 | D:4      | Bought a scroll of fog for 28 gold pieces
  3769 | D:4      | HP: 2/50 [orc/flail (3)]
  3796 | D:4      | Reached XP level 6. HP: 13/57 MP: 7/7
  4082 | D:4      | Noticed Natasha
  4095 | D:4      | Killed Natasha
  4170 | D:4      | Noticed Eustachio
  4250 | D:4      | Noticed Natasha
  4256 | D:4      | Reached skill level 5 in Axes
  4260 | D:4      | Killed Natasha
  4269 | D:4      | Killed from afar by a shadow imp

Vault maps used:
D:1:      dpeg_arrival_tiny_i, minmay_tromino_v4_a
D:2:      first_bread
D:4:      serial_shops, shop_fountains,
          nicolae_shop_temple_entry_statues_fountains,
          nicolae_shop_behind_doors, nicolae_shop_overgrown_old_shop,
          uniq_natasha, uniq_eustachio

Skill      XL: |  1  2  3  4  5  6 |
---------------+-------------------+-----
Fighting       | 3 4 5 6 |  6.2
Axes           | 3 5 |  5.3
Polearms       | |  1.1
Shields        | |  1.1
Spellcasting   | |  1.0
Summonings     | |  3.0
Necromancy     | |  1.0
Evocations     | |  1.0

Action                   |  1- 3 |  4- 6 || total
-------------------------+-------+-------++-------
Melee: Spear             |   107 |   104 ||   211
       War axe           |       |    75 ||    75
       Hand axe          |       |    10 ||    10
Throw: Stone             |     1 |       ||     1
  Use: Scroll            |     5 |     5 ||    10
       Potion            |       |     4 ||     4
 Stab: Sleeping          |     1 |     3 ||     4
  Eat: Chunk             |     2 |     8 ||    10
Armor: Robe              |    22 |    45 ||    67
       Skin              |       |     3 ||     3
Dodge: Dodged            |    61 |   129 ||   190
